Map: [ESL] Alcyone

Players

Bunny - Winner!

  • Race: Terran Terran
  • Spawn Location: 7:00

SHIN

  • Race: Zerg Zerg
  • Spawn Location: 1:00

Event: IEM Katowice 2024

VOD

Have the link to the VOD?

Description

Time

  • Played on: Feb. 8, 2024, 8:25 a.m.
  • Length: 30:35

All games in this series

Show
View Real Time Build Order
Export as new Build Order

Bunny Terran - Winner!

Build Orders: Reaper Expand, Hellion Banshee 

Get SALT Encoding   

  12  0:00  SCV  
  13  0:12  SCV  
  14  0:17  Supply Depot  
  14  0:24  SCV  
  15  0:38  SCV  
  15  0:40  Barracks  
  16  0:43  Refinery  
  16  0:50  SCV  
  17  1:02  SCV  
  18  1:15  SCV  
  19  1:27  Orbital Command, Reaper  
  20  1:39  Command Center  
  20  1:46  Supply Depot  
  20  1:52  SCV  
  21  1:59  Marine  
  22  2:04  SCV  
  23  2:10  Factory  
  23  2:16  SCV  
  23  2:20  Barracks Reactor  
  24  2:28  SCV  
  25  2:37  Command Center  
  25  2:40  SCV  
  26  2:51  Orbital Command  
  26  2:54  SCV  
  26  2:58  Starport  
  27  3:03  Hellion  
  29  3:08  Hellion  
  29  3:10  SCV  
  32  3:14  Refinery  
  32  3:19  SCV  
  33  3:22  SCV  
  33  3:25  Hellion  
  36  3:29  Hellion  
  36  3:31  SCV  
  39  3:35  Viking, Barracks Tech Lab  
  39  3:37  SCV  
  42  3:43  SCV  
  42  3:46  Hellion  
  45  3:50  Hellion  
  45  3:51  Orbital Command  
  45  3:53  SCV  
  45  3:55  SCV  
  49  4:05  SCV  
  49  4:07  SCV  
  51  4:14  Banshee, Barracks Tech Lab  
  54  4:17  SCV  
  54  4:18  Orbital Command  
  54  4:19  SCV  
  56  4:30  Barracks  
  56  4:31  SCV x2  
  57  4:33  Barracks, Stimpack, Factory Reactor  
  59  4:38  Engineering Bay  
  59  4:39  Engineering Bay  
  59  4:41  Supply Depot  
  59  4:44  SCV x2  
  61  4:49  Supply Depot, SCV  
  61  4:52  Supply Depot  
  61  4:56  Refinery  
  61  4:57  Refinery  
  61  5:03  SCV x3  
  61  5:06  Supply Depot  
  64  5:07  Starport Reactor  
  64  5:08  Terran Infantry Weapons Level 1  
  64  5:15  SCV x3  
  64  5:18  Barracks x2  
  66  5:21  Marine x2  
  66  5:22  Marine  
  67  5:29  SCV x3  
  67  5:31  Marine x2  
  71  5:40  Marine x2  
  71  5:41  SCV x2  
  75  5:46  Siege Tank  
  75  5:49  Marine x2  
  80  5:52  Supply Depot  
  80  5:54  Terran Infantry Armor Level 1  
  80  5:56  SCV  
  80  5:57  SCV x2  
  83  6:01  Marine x3  
  86  6:06  Marine x2  
  86  6:07  Marine  
  86  6:08  Marine  
  90  6:15  SCV  
  90  6:16  SCV x2  
  90  6:17  Supply Depot  
  88  6:19  Medivac, Marine x3  
  88  6:24  Marine  
  90  6:26  Barracks Reactor x2  
  90  6:28  Combat Shield, SCV x3  
  90  6:32  Supply Depot  
  93  6:35  Armory  
  93  6:38  Medivac, Marine x2  
  97  6:40  SCV x3  
  97  6:41  Supply Depot  
  100  6:50  Supply Depot  
  100  6:52  SCV  
  100  6:54  SCV x2, Medivac  
  105  6:56  Factory, Marine x3  
  105  6:57  Marine, Refinery  
  105  6:58  Supply Depot  
  109  7:02  Marine  
  109  7:05  Supply Depot  
  109  7:07  SCV x2  
  109  7:08  Medivac, SCV  
  115  7:14  Siege Tank  
  117  7:23  Medivac  
  117  7:24  Supply Depot, Marine x3  
  117  7:26  Command Center, SCV x3  
  117  7:29  Marine x3  
  126  7:30  Marine  
  129  7:37  Marauder  
  129  7:38  SCV x2  
  129  7:39  SCV  
  129  7:42  Refinery  
  129  7:43  Supply Depot  
  134  7:45  Marine x4  
  134  7:47  Marine x3  
  141  7:51  Factory Reactor, Drilling Claws  
  141  7:53  Widow Mine  
  141  7:55  Medivac  
  145  8:00  Medivac  
  145  8:01  Terran Infantry Weapons Level 2  
  145  8:03  SCV x2  
  145  8:05  SCV  
  150  8:12  Terran Infantry Armor Level 2  
  150  8:15  Marauder  
  150  8:18  Marine  
  150  8:19  Marine x4  
  157  8:24  Marine x2  
  157  8:25  Barracks x2  
  158  8:28  Widow Mine  
  154  8:34  Marine  
  154  8:35  Supply Depot  
  154  8:36  Marine, SCV x3  
  154  8:37  Marauder, Marine x4  
  154  8:40  Widow Mine x2  
  169  8:48  Barracks, SCV x3  
  170  8:49  Widow Mine  
  170  8:53  Sensor Tower  
  174  8:58  Marauder  
  174  8:59  Marine x5  
  174  9:02  Widow Mine  
  183  9:04  Widow Mine  
  183  9:11  Widow Mine  
  183  9:14  Barracks Tech Lab x2, Concussive Shells  
  183  9:15  Planetary Fortress  
  180  9:21  Command Center  
  180  9:23  Widow Mine  
  184  9:24  Medivac, Marauder  
  184  9:25  Medivac  
  188  9:37  Barracks Tech Lab  
  188  9:38  Marauder  
  187  9:46  Marauder x2  
  185  9:59  Marauder  
  185  10:04  Command Center  
  182  10:08  Marauder x2  
  182  10:10  Command Center  
  182  10:11  Command Center  
  182  10:12  Sensor Tower, Terran Vehicle And Ship Armor Level 1  
  186  10:20  Widow Mine  
  186  10:21  Widow Mine x2  
  178  10:22  SCV x3  
  178  10:24  Refinery x2  
  178  10:25  Missile Turret  
  178  10:26  Ghost Academy  
  181  10:30  Marauder x3  
  181  10:31  Marine  
  181  10:33  Marauder, Marine x4  
  181  10:34  SCV  
  187  10:43  Terran Infantry Weapons Level 3, Terran Infantry Armor Level 3  
  186  10:57  Sensor Tower, Ghost x4  
  184  11:01  Liberator  
  195  11:11  Missile Turret  
  195  11:13  Missile Turret  
  195  11:16  Planetary Fortress  
  195  11:24  Orbital Command, Planetary Fortress  
  195  11:25  Ghost x2, Refinery  
  195  11:26  Orbital Command  
  195  11:31  Missile Turret  
  199  11:51  Missile Turret x2  
  199  11:52  Missile Turret  
  199  11:53  Missile Turret  
  199  11:55  Missile Turret  
  185  12:02  Ghost x4  
  185  12:03  Personal Cloaking  
  185  12:07  Missile Turret  
  185  12:08  Sensor Tower, Missile Turret  
  187  12:17  Widow Mine  
  187  12:18  Widow Mine x2  
  189  12:30  Ghost x2  
  189  12:31  Fusion Core, Ghost  
  189  12:34  Marine x2  
  189  12:35  Starport  
  195  12:47  Command Center x2  
  195  12:48  Command Center  
  195  12:52  Orbital Command  
  195  12:55  Ghost  
  194  12:59  Ghost  
  194  13:01  Terran Vehicle And Ship Armor Level 2  
  194  13:05  Missile Turret  
  195  13:11  Liberator  
  198  13:13  Starport Reactor  
  198  13:22  Neosteel Armor  
  198  13:23  Hi-Sec Auto Tracking  
  198  13:27  Missile Turret  
  198  13:28  Missile Turret  
  198  13:31  Missile Turret  
  198  13:32  Missile Turret  
  198  13:40  Missile Turret  
  198  13:42  Missile Turret  
  198  14:00  Orbital Command x2  
  198  14:05  Missile Turret  
  198  14:06  Missile Turret x2  
  198  14:07  Missile Turret x2  
  198  14:08  Sensor Tower  
  198  14:09  Advanced Ballistics, Nuke  
  197  14:12  Refinery  
  197  14:13  Refinery  
  192  14:27  Liberator x4  
  192  14:28  Ghost x3  
  192  14:40  Planetary Fortress  
  181  14:47  Ghost  
  181  14:52  Thor  
  182  14:57  Ghost x3, Starport x2  
  182  14:58  Starport  
  194  15:00  Armory  
  194  15:10  Liberator  
  197  15:17  Terran Ship Weapons Level 1  
  197  15:22  Liberator  
  198  15:33  Missile Turret  
  196  15:36  Missile Turret  
  196  15:37  Liberator, Sensor Tower, Missile Turret  
  196  15:41  Missile Turret x3  
  199  15:43  Missile Turret  
  198  15:55  Liberator x2  
  191  16:04  Caduceus Reactor  
  191  16:09  Nuke  
  191  16:10  Terran Vehicle And Ship Armor Level 3  
  191  16:11  Liberator  
  194  16:20  Liberator  
  195  16:25  Missile Turret  
  195  16:26  Missile Turret  
  195  16:27  Sensor Tower, Missile Turret  
  195  16:29  Viking x2  
  199  16:37  Liberator x2  
  199  16:39  Ghost  
  178  16:40  Ghost x3  
  182  16:54  Liberator  
  176  16:59  Viking  
  176  17:01  Viking  
  181  17:08  Ghost x4  
  180  17:14  Viking x2  
  192  17:20  Marine x3  
  192  17:21  Marine  
  196  17:25  Missile Turret x2  
  196  17:29  Command Center  
  196  17:36  Ghost  
  193  17:37  Marauder  
  193  17:38  Marauder x2  
  193  17:41  Viking x2  
  198  17:46  Viking  
  198  17:50  Viking x2  
  198  17:59  Marauder  
  200  18:05  Nuke  
  200  18:06  Command Center  
  200  18:08  Missile Turret  
  200  18:10  Missile Turret  
  185  18:40  Ghost x4  
  193  18:42  Viking x3  
  199  18:48  Starport Reactor  
  199  18:55  Starport Reactor  
  195  19:09  Ghost x4  
  195  19:13  Liberator  
  195  19:14  Liberator  
  195  19:24  Missile Turret  
  195  19:31  Terran Ship Weapons Level 2  
  195  19:32  Nuke  
  195  19:37  Ghost x3  
  199  19:48  Planetary Fortress  
  199  19:49  Missile Turret  
  199  19:50  Refinery  
  199  19:51  Missile Turret  
  199  19:53  Missile Turret  
  199  19:54  Refinery  
  199  20:19  Ghost  
  199  20:20  Ghost x2  
  185  20:33  Viking x2  
  185  20:34  Viking x3  
  157  20:36  Ghost  
  157  20:41  Liberator x3  
  157  20:48  Ghost x3  
  152  20:57  Missile Turret x2  
  150  20:58  Marine  
  150  20:59  Marine x4  
  150  21:03  Viking, Liberator x3  
  150  21:04  Viking, Marine x2  
  166  21:05  Marine x2  
  167  21:16  Marine x3  
  167  21:24  Viking x3  
  155  21:33  Viking  
  155  21:34  Viking  
  155  21:36  SCV  
  155  21:39  Refinery  
  159  21:46  Viking  
  161  21:48  SCV  
  161  21:49  Viking x2  
  166  21:54  Viking x2  
  166  22:01  SCV  
  171  22:06  Missile Turret  
  171  22:07  Missile Turret  
  160  22:09  Command Center  
  160  22:10  Ghost x2  
  160  22:11  Marine  
  160  22:13  SCV  
  134  22:19  Marauder x2  
  134  22:22  Marine  
  138  22:23  Marine x3  
  138  22:28  Medivac  
  138  22:29  Marine  
  140  22:33  Marine  
  140  22:34  Marine  
  142  22:39  Marauder  
  142  22:43  Missile Turret  
  144  22:49  Marauder  
  144  22:50  Marine, Marauder x2  
  151  22:56  Marine x3  
  154  23:02  Marine x4  
  158  23:18  Widow Mine  
  158  23:19  Liberator, Widow Mine x2  
  167  23:20  Liberator  
  168  23:34  Orbital Command, Liberator  
  159  24:14  Ghost x4  
  159  24:16  Liberator x4  
  166  24:47  Marauder  
  143  24:58  Ghost  
  143  24:59  Ghost x2  
  136  25:00  Marine  
  136  25:01  Marine x7  
  140  25:13  Liberator x2  
  146  25:19  Medivac x3  
  152  25:24  Widow Mine  
  154  25:34  Refinery  
  154  25:38  Missile Turret  
  154  25:42  Missile Turret, Widow Mine x2  
  158  26:01  Ghost  
  160  26:14  Missile Turret  
  160  26:16  Missile Turret  
  158  26:23  Marine x4  
  158  26:24  Marauder x3  
  168  26:37  Missile Turret  
  168  26:38  Orbital Command  
  156  27:06  Orbital Command  
  164  27:09  Orbital Command  
  164  27:14  Refinery  
  164  27:15  Refinery  
  162  27:18  Missile Turret  
  162  27:28  Sensor Tower  
  156  27:42  Command Center, Missile Turret  
  156  27:47  Missile Turret  
  153  28:20  Liberator  
  153  28:25  Liberator  
  158  28:37  Marine x2  
  158  28:38  Marine x4  
  161  28:45  Command Center  
  161  28:48  Ghost  
  149  29:10  Marine  
  149  29:11  Marine, Marauder x3  
  157  29:29  Command Center  
  157  29:31  Missile Turret x2  
  157  29:34  Missile Turret  
  157  29:41  Liberator, Widow Mine x3  
  162  30:06  Marine  
  162  30:07  Marauder, Marine x3  
  135  30:16  Marine x2  
Show
View Real Time Build Order
Export as new Build Order

SHIN Zerg 

Build Orders: Hatch First, Lurkers 

Get SALT Encoding   

  12  0:00  Drone  
  13  0:12  Overlord  
  13  0:16  Drone  
  14  0:31  Drone x2  
  16  0:48  Hatchery  
  15  0:51  Drone  
  15  0:54  Drone  
  17  0:57  Drone  
  18  1:08  Extractor  
  17  1:12  Spawning Pool  
  17  1:16  Drone  
  17  1:19  Drone  
  18  1:28  Drone  
  19  1:39  Drone  
  20  1:50  Drone  
  21  1:59  Queen  
  21  2:00  Zergling x4, Queen  
  27  2:11  Overlord  
  27  2:12  Drone  
  28  2:22  Hatchery  
  27  2:27  Drone  
  28  2:32  Drone x3  
  29  2:39  Queen  
  31  2:45  Metabolic Boost  
  31  2:49  Overlord  
  31  2:53  Drone  
  31  2:54  Drone  
  31  2:56  Drone  
  34  3:04  Overlord  
  34  3:05  Drone  
  35  3:08  Drone x2  
  35  3:10  Drone  
  35  3:12  Drone  
  39  3:14  Drone  
  39  3:17  Drone  
  39  3:18  Drone  
  42  3:20  Drone  
  42  3:25  Queen  
  45  3:29  Overlord  
  45  3:34  Queen  
  45  3:39  Zergling x4  
  49  3:42  Zergling x4  
  49  3:46  Queen  
  53  3:49  Overlord  
  53  3:51  Drone  
  53  3:53  Drone  
  53  3:54  Drone  
  56  3:56  Drone  
  56  4:00  Drone x3  
  60  4:07  Drone  
  63  4:10  Zergling x2  
  63  4:11  Drone  
  63  4:12  Drone x2  
  63  4:16  Roach Warren  
  64  4:17  Extractor, Overlord  
  64  4:18  Extractor  
  64  4:19  Drone  
  64  4:22  Overlord  
  63  4:25  Drone x2  
  63  4:29  Zergling x2, Overlord  
  66  4:31  Overlord  
  66  4:35  Overlord  
  65  4:41  Spore Crawler  
  64  4:53  Spore Crawler  
  64  4:57  Roach x3  
  64  4:58  Roach x5  
  79  5:00  Overlord  
  79  5:01  Roach  
  79  5:05  Lair  
  82  5:07  Drone x2  
  82  5:09  Drone  
  82  5:12  Drone x2  
  86  5:14  Drone x2  
  86  5:15  Drone  
  86  5:17  Drone  
  86  5:18  Drone  
  92  5:21  Drone x2  
  92  5:22  Drone  
  92  5:24  Drone  
  92  5:25  Drone  
  95  5:32  Drone x2  
  95  5:36  Drone  
  95  5:37  Extractor, Evolution Chamber  
  95  5:38  Evolution Chamber  
  95  5:39  Extractor  
  95  5:41  Drone  
  90  5:43  Drone x2  
  90  5:44  Drone x2  
  90  5:45  Extractor  
  90  5:49  Drone  
  95  5:52  Drone  
  95  5:53  Drone, Baneling Nest  
  96  6:01  Zergling x6  
  96  6:02  Zergling x2  
  96  6:03  Zergling x4  
  102  6:09  Zergling x4  
  104  6:12  Zergling x8  
  104  6:13  Zergling x2, Hatchery  
  104  6:14  Zergling x2  
  104  6:15  Zergling x2  
  102  6:22  Drone  
  93  6:26  Zerg Melee Weapons Level 1, Zerg Ground Armor Level 1  
  93  6:28  Zergling x4  
  93  6:30  Zergling x4  
  93  6:31  Queen  
  93  6:32  Zergling x2  
  100  6:35  Overlord  
  100  6:37  Baneling, Centrifugal Hooks  
  100  6:38  Baneling  
  100  6:39  Baneling x10  
  100  6:41  Zergling x6  
  100  6:45  Zergling x6  
  106  6:52  Zergling x10, Hydralisk Den  
  109  6:58  Overlord  
  109  6:59  Zergling x4  
  109  7:00  Baneling x3  
  109  7:01  Baneling x3  
  111  7:07  Drone  
  112  7:08  Overlord  
  112  7:10  Zergling x14  
  119  7:17  Drone  
  119  7:18  Drone x2  
  119  7:21  Drone  
  120  7:23  Grooved Spines  
  120  7:25  Hydralisk  
  120  7:27  Baneling x4  
  120  7:28  Drone x4  
  126  7:33  Drone  
  126  7:35  Drone x2  
  126  7:36  Drone, Overlord  
  126  7:37  Drone  
  131  7:39  Drone x3  
  131  7:41  Overlord  
  134  7:48  Zergling x6  
  134  7:51  Drone x2  
  137  7:53  Spore Crawler  
  137  7:55  Hatchery  
  137  7:56  Overlord  
  137  7:57  Hydralisk  
  137  7:58  Extractor  
  137  8:02  Hydralisk, Overlord  
  137  8:03  Hydralisk x4  
  147  8:06  Drone x3  
  147  8:08  Overlord x3  
  148  8:17  Zergling x10  
  152  8:21  Baneling x5  
  152  8:27  Zergling x2  
  152  8:31  Extractor, Infestation Pit  
  152  8:32  Zergling x12  
  156  8:34  Hatchery  
  156  8:35  Baneling x7  
  156  8:38  Zergling x20  
  156  8:41  Muscular Augments  
  165  8:43  Zerg Ground Armor Level 2  
  165  8:49  Zergling x10  
  165  8:51  Spore Crawler  
  165  8:54  Zergling x2  
  165  8:55  Zergling x6  
  172  9:01  Overlord  
  172  9:03  Drone  
  172  9:04  Drone x9  
  172  9:09  Drone x2  
  183  9:14  Drone x2  
  183  9:15  Overlord  
  183  9:16  Zergling x2  
  185  9:22  Zergling x6  
  188  9:25  Extractor  
  188  9:27  Zerg Melee Weapons Level 2, Lurker Den  
  188  9:29  Pneumatized Carapace, Hatchery  
  188  9:30  Overseer  
  184  9:34  Zergling x20  
  193  9:44  Drone x3  
  193  9:45  Spore Crawler  
  190  9:46  Zergling x8  
  190  9:49  Baneling  
  190  9:50  Baneling x3  
  192  9:57  Overseer  
  192  9:58  Hatchery  
  192  9:59  Overlord x4  
  190  10:02  Overlord  
  189  10:13  Zergling x6  
  192  10:17  Hydralisk  
  192  10:18  Zergling x18  
  192  10:20  Overseer x2  
  196  10:26  Hydralisk  
  196  10:27  Zergling x2  
  198  10:29  Drone x2  
  198  10:31  Hive  
  200  10:41  Zergling x8, Hydralisk  
  199  10:46  Burrow  
  199  10:56  Extractor, Spore Crawler  
  197  10:57  Spore Crawler  
  197  11:01  Zerg Missile Weapons Level 1  
  196  11:04  Lurker x3  
  196  11:05  Lurker  
  200  11:12  Spore Crawler  
  200  11:13  Extractor  
  200  11:14  Lurker  
  200  11:16  Zergling x8  
  199  11:23  Hatchery  
  198  11:32  Spine Crawler  
  197  11:34  Spine Crawler  
  196  11:45  Zergling x6  
  199  11:50  Adrenal Glands, Overlord  
  199  11:51  Zerg Ground Armor Level 3, Spire  
  199  11:52  Seismic Spines  
  199  11:54  Overseer  
  197  11:57  Nydus Network  
  197  11:58  Zergling x12  
  199  12:03  Zergling x4  
  199  12:04  Zergling x6  
  198  12:22  Hydralisk x2  
  193  12:23  Hydralisk  
  193  12:26  Lurker  
  196  12:49  Adaptive Talons  
  196  12:57  Drone x2  
  196  12:58  Drone x4  
  199  13:02  Drone x3  
  199  13:03  Nydus Canal  
  199  13:04  Drone x3  
  199  13:05  Drone x2  
  196  13:06  Greater Spire  
  196  13:07  Drone x3  
  196  13:11  Extractor  
  194  13:20  Spine Crawler x2  
  194  13:22  Spine Crawler x2  
  194  13:23  Infestor x4  
  195  13:27  Nydus Canal  
  195  13:30  Unknown, Spore Crawler  
  195  13:31  Spore Crawler  
  195  13:32  Spore Crawler  
  189  13:47  Nydus Canal  
  183  13:50  Viper x2  
  183  13:52  Zerg Melee Weapons Level 3  
  185  13:59  Corruptor x7  
  197  14:16  Corruptor x7  
  194  14:24  Zergling x12  
  194  14:28  Zergling x8  
  194  14:29  Zergling x6  
  199  14:35  Zergling x6  
  195  14:44  Baneling x9  
  190  14:46  Zergling x2  
  190  14:47  Zergling x22  
  196  14:56  Nydus Canal  
  196  15:00  Zerg Flyer Weapons Level 1  
  196  15:06  Hatchery  
  194  15:11  Brood Lord x4  
  194  15:13  Spire  
  198  15:15  Baneling x2  
  198  15:16  Baneling x2  
  198  15:25  Drone  
  196  15:35  Brood Lord  
  196  15:36  Brood Lord  
  196  15:38  Nydus Canal  
  196  15:42  Baneling x2  
  175  16:05  Brood Lord x8  
  175  16:07  Baneling x2  
  175  16:08  Baneling x6  
  175  16:10  Overseer  
  175  16:11  Overseer x3  
  190  16:12  Zergling x12, Hydralisk  
  190  16:13  Zergling x4  
  190  16:14  Zerg Missile Weapons Level 2  
  200  16:23  Zergling x4  
  198  16:26  Zerg Flyer Armor Level 1  
  198  16:29  Spore Crawler  
  198  16:30  Spore Crawler x3  
  198  16:32  Spore Crawler  
  177  16:42  Corruptor x10  
  185  16:47  Hydralisk  
  185  16:48  Zergling x26  
  187  16:55  Infestor x6  
  187  16:58  Zergling x2  
  187  16:59  Zergling x6  
  187  17:00  Overseer x4  
  197  17:07  Zergling x6  
  200  17:15  Overseer x5  
  200  17:19  Hatchery  
  200  17:21  Baneling x12  
  200  17:22  Baneling x14  
  199  17:23  Zergling x2  
  197  17:41  Corruptor x3  
  199  18:09  Spore Crawler x2  
  199  18:10  Spore Crawler  
  196  18:19  Zerg Flyer Weapons Level 2  
  194  18:25  Viper x2  
  194  18:26  Spore Crawler  
  196  18:31  Viper x2  
  194  18:41  Brood Lord x2  
  196  18:45  Corruptor x2  
  199  18:58  Zerg Missile Weapons Level 3  
  199  19:02  Unknown  
  198  19:16  Spore Crawler  
  197  19:18  Spore Crawler x2, Corruptor x2  
  199  19:25  Zerg Flyer Armor Level 2  
  197  19:32  Drone x3, Spore Crawler x2  
  195  19:42  Corruptor x3  
  198  19:48  Zergling x2  
  195  20:01  Zergling x8  
  195  20:02  Zergling x8  
  195  20:05  Baneling x2  
  195  20:06  Baneling x2  
  191  20:22  Zergling x16  
  189  20:33  Corruptor x2  
  189  20:35  Zergling x16, Hydralisk  
  177  20:36  Zergling x14  
  182  20:45  Infestor x4  
  182  20:49  Corruptor x3  
  181  20:54  Baneling x6  
  181  20:55  Baneling x6  
  175  20:57  Zergling x6  
  175  20:58  Baneling x7  
  175  21:02  Hydralisk x3, Corruptor x5  
  182  21:05  Zergling x2  
  182  21:06  Zergling x6  
  186  21:14  Hydralisk x3  
  186  21:15  Hydralisk x2  
  184  21:20  Zergling x2  
  184  21:22  Zergling x8  
  184  21:25  Infestor  
  185  21:27  Infestor x3  
  185  21:29  Hydralisk x4  
  179  21:34  Hydralisk x3  
  179  21:37  Zergling x4, Hydralisk  
  185  21:41  Zergling x8  
  185  21:42  Overseer x3  
  185  21:43  Overseer x2  
  185  21:48  Baneling x19  
  185  21:49  Hydralisk  
  185  21:50  Zergling x6  
  189  21:55  Zergling x6  
  189  21:58  Hydralisk  
  194  22:06  Zergling x12  
  194  22:07  Overseer x4  
  190  22:09  Zergling x2  
  190  22:10  Zergling x2  
  190  22:13  Zergling x10  
  179  22:21  Corruptor  
  174  22:23  Corruptor  
  174  22:24  Overlord x5  
  174  22:27  Zergling x2  
  175  22:37  Baneling x6, Overlord  
  175  22:43  Hydralisk x3  
  175  22:44  Zergling x20  
  186  22:47  Overseer  
  186  22:48  Overseer x2  
  186  22:52  Corruptor x4  
  186  22:53  Zergling x4, Corruptor  
  186  22:56  Baneling x7  
  198  22:58  Zergling x2  
  198  23:04  Zergling x2  
  199  23:40  Drone  
  192  23:49  Viper x2  
  197  24:05  Infestor x2  
  197  24:06  Infestor  
  197  24:09  Zergling x2, Hydralisk  
  193  24:10  Zergling x30  
  193  24:12  Overlord  
  193  24:15  Zergling x4  
  196  24:27  Zergling x10  
  196  24:28  Hatchery  
  194  24:39  Zergling x14  
  183  24:48  Hydralisk  
  183  24:49  Zergling x22, Overseer  
  183  24:52  Hydralisk x2  
  156  24:53  Zergling x6, Hydralisk  
  156  24:54  Zergling x2  
  150  25:03  Overlord  
  150  25:04  Zergling x8  
  150  25:05  Zergling x4  
  149  25:10  Baneling x4  
  149  25:11  Baneling x18  
  149  25:12  Hydralisk x2  
  153  25:14  Hydralisk x3  
  153  25:16  Brood Lord x3  
  153  25:17  Brood Lord  
  153  25:18  Baneling x14  
  153  25:19  Baneling x2  
  153  25:21  Zergling x2  
  168  25:24  Zergling x4  
  168  25:26  Zergling x2  
  171  25:29  Zergling x2  
  171  25:31  Zergling x2  
  170  25:36  Hydralisk  
  170  25:38  Zergling x2  
  170  25:41  Zergling x2  
  170  25:42  Zergling x2  
  171  25:44  Zergling x2  
  171  25:47  Overseer  
  171  25:48  Zergling x2  
  171  25:49  Zergling x2  
  174  25:51  Zergling x2  
  174  25:53  Zergling x2  
  174  25:55  Zergling x2  
  175  25:57  Zergling x4  
  175  25:59  Zergling x2  
  175  26:04  Zergling x4  
  175  26:09  Zergling x6  
  175  26:11  Zergling x2  
  179  26:12  Zergling x2  
  179  26:16  Zergling x4  
  179  26:17  Zergling x2  
  183  26:18  Zergling x2  
  184  26:32  Viper x2  
  190  26:40  Drone x3  
  190  26:45  Zergling x14  
  190  26:47  Zergling x2  
  186  26:55  Infestor x2  
  189  27:01  Zergling x6  
  191  27:20  Overseer x2  
  191  27:21  Overlord  
  191  27:28  Baneling x7  
  191  27:32  Hydralisk  
  192  27:42  Spore Crawler  
  191  27:45  Zergling x8, Hydralisk  
  197  27:57  Corruptor x2  
  197  28:01  Zergling x2  
  197  28:02  Zergling x4  
  194  28:06  Baneling  
  194  28:07  Baneling x7  
  194  28:12  Zergling x6  
  189  28:13  Overseer  
  189  28:14  Infestor x5  
  189  28:15  Zergling x2  
  190  28:23  Zergling x10  
  195  28:30  Zergling x8  
  199  28:37  Zergling x2  
  199  28:38  Zergling x2  
  181  29:04  Zergling x12, Hydralisk  
  181  29:05  Zergling x16  
  183  29:11  Zergling x8  
  174  29:20  Zergling x12  
  174  29:22  Zergling x2  
  181  29:24  Zergling x2  
  181  29:25  Zergling x2  
  181  29:31  Zergling x2, Infestor x2  
  183  29:32  Zergling x6  
  183  29:33  Zergling x2  
  183  29:36  Zergling x4  
  189  29:39  Zergling x2  
  189  29:40  Zergling x2  
  189  29:41  Zergling x2  
  189  29:42  Zergling x2  
  189  29:45  Zergling x4  
  192  29:52  Hydralisk x2  
  175  29:54  Zergling x2  

Tags
 
Add a new tag
Caveats
  • Supply blocks, unpowered buildings, or Contaminate may cause inaccurate times.
  • Supply counts are checked every 10 seconds.